 Dungeon Crawl Stone Soup version 0.28.0-53-g5a82cb258f (webtiles) character file.

Game seed: 2714586598415153308

19 safid the Digger (level 2, -1/15 HPs)
             Began as a Gargoyle Earth Elementalist on Aug 27, 2022.
             Slain by a worm (2 damage)
             ... on level 2 of the Dungeon.
             The game lasted 00:01:11 (1143 turns).

safid the Digger (Gargoyle Earth Elementalist)      Turns: 1143, Time: 00:01:11

Health: -1/15      AC:  4    Str: 11    XL:     2   Next: 75%
Magic:  1/5        EV: 12    Int: 21    God:
Gold:   59         SH:  0    Dex: 10    Spells: 4/5 levels left

rFire   . . .      SeeInvis .   a - +0 short sword
rCold   . . .      Faith    .   (no shield)
rNeg    + . .      Spirit   .   b - +0 robe
rPois   ∞          Reflect  .   (no helmet)
rElec   +          Harm     .   (no cloak)
rCorr   .          Rampage  .   (no gloves)
Will    .....                   (no boots)
Stlth   ++........              (no amulet)
HPRegen 0.05/turn               d - +6 ring of intelligence
MPRegen 0.09/turn               (no ring)

@: no status effects
A: sickness immunity, AC +2, negative energy resistance 1, electricity
resistance, torment resistance 1, petrification resistance
a: no special abilities


You were on level 2 of the Dungeon.
You visited 1 branch of the dungeon, and saw 2 of its levels.

You collected 59 gold pieces.

Inventory:

Hand Weapons
 a - a +0 short sword (weapon)
Missiles
 c - 19 stones
Armour
 b - a +0 robe (worn)
Jewellery
 d - a +6 ring of intelligence (left hand)
Scrolls
 e - a scroll of immolation {unknown}
 f - a scroll of noise {unknown}
 g - a scroll of enchant armour {unknown}


   Skills:
 + Level 1.8 Dodging
 + Level 2.5 Stealth
 + Level 2.2 Spellcasting
 + Level 1.1 Transmutations
 + Level 3.9 Earth Magic


You had 4 spell levels left.
You knew the following spells:

 Your Spells              Type           Power      Damage    Failure   Level
a - Sandblast             Erth           36%        2d10      3%          1

Your spell library contained the following spells:

 Spells                   Type           Power      Damage    Failure   Level
 Passwall                 Tmut/Erth      10%        N/A       8%          2
 Stone Arrow              Conj/Erth      20%        3d8       19%         3
 Petrify                  Tmut/Erth      12%        N/A       45%         4


Dungeon Overview and Level Annotations

Branches:
Dungeon (2/15)

Altars:


Innate Abilities, Weirdness & Mutations

You are immune to sickness and miasma.
Your stone body is resilient. (AC +2)
You are immune to poison.
You resist negative energy. (rN+)
You are resistant to electric shocks. (rElec)
You are resistant to unholy torment.
You are immune to petrification.


Message History

You are too injured to fight recklessly!
You are too injured to fight recklessly!
You are too injured to fight recklessly!
You are too injured to fight recklessly!
You are too injured to fight recklessly!
You are too injured to fight recklessly!
You are too injured to fight recklessly!
You are too injured to fight recklessly!
Casting: Sandblast (safe; 3% risk of failure)
Confirm with . or Enter, or press ? or * to list all spells.
Aiming: Sandblast (safe; 3% risk of failure)
Press: ? - help, Shift-Dir - straight line, f - frilled lizard
Aim: a frilled lizard (66% to hit)
The blast of sand hits the frilled lizard.
You kill the frilled lizard!
Unknown command.
Casting: Sandblast (safe; 3% risk of failure)
Confirm with . or Enter, or press ? or * to list all spells.
Aiming: Sandblast (safe; 3% risk of failure)
Press: ? - help, Shift-Dir - straight line, f - worm
Aim: a worm (lightly wounded, 93% to hit)
The blast of sand hits the worm!
The worm is severely wounded.
The worm closely misses you.
Casting: Sandblast (safe; 3% risk of failure)
Confirm with . or Enter, or press ? or * to list all spells.
Aiming: Sandblast (safe; 3% risk of failure)
Press: ? - help, Shift-Dir - straight line, f/p - worm
Aim: a worm (severely wounded, 93% to hit)
The blast of sand hits the worm.
The worm is severely wounded.
Casting: Sandblast (safe; 3% risk of failure)
Confirm with . or Enter, or press ? or * to list all spells.
Aiming: Sandblast (safe; 3% risk of failure)
Press: ? - help, Shift-Dir - straight line, f/p - worm
Aim: a worm (severely wounded, 93% to hit)
The blast of sand hits the worm.
The worm is almost dead.
The worm bites you.
You die...

### ... #.#
#..###
##.<.#####
##...@#...##
#.....w....#
#.............#
#...........$.#
#.............#
##...>......#.#
##...##...## #
#### ####


You could see a worm.

Vanquished Creatures
  A bat (D:1)
  An endoplasm (D:1)
  2 giant cockroaches (D:1)
  A hobgoblin (D:1)
  A kobold (D:1)
  A quokka (D:1)
  4 ball pythons (D:1)
  5 frilled lizards
  2 rats (D:1)
  A spectral kobold (D:1)
19 creatures vanquished.

Notes
Turn   | Place    | Note
-------+----------+-------------------------------------------
     0 | D:1      | safid the Gargoyle Earth Elementalist began the quest for
                  | the Orb.
     0 | D:1      | Reached XP level 1. HP: 10/10 MP: 3/3
   234 | D:1      | Reached skill level 1 in Transmutations
   234 | D:1      | Reached XP level 2. HP: 12/15 MP: 5/5
   327 | D:1      | Found a faded altar of an unknown god.
  1143 | D:2      | Slain by a worm

Illustrated notes

Levels and vault maps discovered:
D:1:      dpeg_arrival_shelter, layout_basic,
          dreamdust_ecumenical_altar_drowned_temple, minmay_box_of_dots
D:2:      layout_rooms, serial_corexii_hall, chequers_hall_statues_y,
          corexii_hall_statues_l, chequers_hall_statues_wall_a,
          corexii_hall_statues_x, minmay_misc_feat_columns

Skill      XL: |  1 |
---------------+----+-----
Transmutations | 1 |  1.1
Dodging        | |  1.8
Stealth        | |  2.5
Spellcasting   | |  2.2
Earth Magic    | |  3.9

Action                   || total
-------------------------++-------
Melee: Short sword       ||    82
       Punch             ||     1
 Cast: Sandblast         ||    11
 Stab: Sleeping          ||     4
       Distracted        ||     1
Armor: Robe              ||    39
Dodge: Dodged            ||    58
